 Dungeon Crawl Stone Soup version 0.23.2 (webtiles) character file.

Game seed: 7688933127479369410

196157 Llamajah the Slayer (level 18, -9/215 HPs)
             Began as an Ogre Berserker on June 4, 2019.
             Was a High Priest of Trog.
             Mangled by a demonic crawler (13 damage)
             ... on level 3 of the Spider Nest on June 5, 2019.
             The game lasted 02:42:30 (44476 turns).

Llamajah the Slayer (Ogre Berserker)               Turns: 44476, Time: 02:42:31

Health: -9/215     AC: -6    Str: 31    XL:     18   Next: 36%
Magic:  18/18      EV: 14    Int: 11    God:    Trog [*****.]
Gold:   2412       SH: 25    Dex: 13    Spells: 17/17 levels left

rFire    + . .     SeeInvis .   n - +3 broad axe (elec)
rCold    + . .     Gourm    .   X - +0 large shield
rNeg     . . .     Faith    .   r - +0 swamp dragon scales
rPois    +         Spirit   .   l - +2 hat {Int+3}
rElec    .         Reflect  +   g - scarf {rC+ rF+}
rCorr    .         Harm     .   (gloves unavailable)
MR       +....                  (boots unavailable)
Stlth    +.........             T - +6 amulet of reflection
HPRegen  0.45/turn              R - +4 ring of dexterity
MPRegen  0.16/turn              K - +6 ring of slaying

@: corroded, berserk cooldown, slowed, very slow
A: large, unfitting armour, tough skin 1
}: 1/15 runes: decaying
a: Berserk, Trog's Hand, Brothers in Arms, Renounce Religion


You were on level 3 of the Spider Nest.
You worshipped Trog.
Trog was extremely pleased with you.
You were near starving.

You visited 5 branches of the dungeon, and saw 30 of its levels.
You also visited: Gauntlet and Ice Cave.

You collected 3785 gold pieces.
You spent 1373 gold pieces at shops.

Inventory:

Hand Weapons
 j - a +6 antimagic war axe
 n - a +3 broad axe of electrocution (weapon)
 y - the +11 falchion of the Wary Songs {elec, +Rage MR- Str+2 Dex+6}
   (You found it on level 1 of the Spider Nest)

   Occasionally, upon striking a foe, it will discharge some electrical energy
   and cause terrible harm.
   It affects your strength (+2).
   It affects your dexterity (+6).
   It affects your resistance to hostile enchantments.
   It lets you go berserk.
 N - a +2 hand axe of flaming
 O - a +4 vampiric eveningstar
Missiles
 b - 2 exploding tomahawks
 i - 9 javelins of penetration
 t - 11 tomahawks of returning
 x - 35 tomahawks
 D - 50 large rocks (quivered)
 I - 7 silver javelins
 V - 24 javelins
Armour
 g - a scarf of resistance (worn)
 l - a +2 hat of intelligence (worn)
 r - +0 swamp dragon scales (worn)
 L - +0 acid dragon scales
 X - a +0 large shield (worn)
Jewellery
 G - an uncursed ring of protection from magic
 H - an uncursed ring of resist corrosion
 K - a +6 ring of slaying (right hand)
 R - a +4 ring of dexterity (left hand)
 T - a +6 amulet of reflection (around neck)
Wands
 q - a wand of digging (2)
 s - a wand of disintegration (27)
 S - a wand of paralysis (16)
 U - a wand of acid (5)
 W - a wand of enslavement (4)
Scrolls
 d - 3 scrolls of fog
 f - 9 scrolls of remove curse
 k - 5 scrolls of enchant armour
 o - 5 scrolls of identify
 p - 4 scrolls of fear
 u - 2 scrolls of magic mapping
 J - 12 scrolls of teleportation
 P - 3 scrolls of enchant weapon
Potions
 a - 5 potions of flight
 e - 2 potions of haste
 m - a potion of resistance
 w - 2 potions of berserk rage
 z - 4 potions of mutation
 A - 4 potions of magic
 B - 3 potions of invisibility
 C - 3 potions of cancellation
 E - 3 potions of agility
 M - 3 potions of brilliance
 Q - a potion of ambrosia
 Z - a potion of might
Comestibles
 c - 44 rations


   Skills:
 * Level 21.3 Fighting
 + Level 2.0 Long Blades
 + Level 12.9 Axes
 - Level 0.4(7.7) Maces & Flails
 + Level 12.5 Throwing
 + Level 10.8 Armour
 * Level 12.1 Dodging
 + Level 10.6 Shields


You had 17 spell levels left.
You didn't know any spells.
Your spell library was empty.

Dungeon Overview and Level Annotations

Branches:
Dungeon (15/15)            Temple (0/1) D:4            Lair (6/6) D:9
  Swamp (4/4) Lair:2       Spider (3/4) Lair:3        Slime (0/5) Lair:6
    Orc (2/2) D:11            Elf (0/3) Orc:2        Vaults (0/5) D:14
 Depths (0/5) D:15

Altars:
Ashenzari
Cheibriados
Elyvilon
Fedhas
Gozag
Makhleb
Qazlal
Trog
Uskayaw
Xom
Yredelemnul
Zin
The Shining One
Beogh

Shops:
D:5 :   D:13 [   Orc:2 [*}[

Portals:
Trove: D:13 (give +4 ice dragon scales)

Annotations:
Spider:3 1 transporter


Innate Abilities, Weirdness & Mutations

You are too large for most types of armour.
You have tough skin. (AC +1)


Message History

The demonic crawler is unaffected.
The jumping spider leaps!
The demonic crawler hits you.
* * * LOW HITPOINT WARNING * * *
The demonic crawler closely misses you. You block the demonic crawler's attack.
You hit the demonic crawler but do no damage.
The demonic crawler is moderately wounded.
You block the demonic crawler's attack. x2
The demonic crawler closely misses you. The demonic crawler hits you!
* * * LOW HITPOINT WARNING * * *
The demonic crawler closely misses you. You block the demonic crawler's attack.
You hit the demonic crawler.
The demonic crawler is moderately wounded.
The entropy weaver evades a web.
You block the demonic crawler's attack. x2
The demonic crawler barely misses you. You block the demonic crawler's attack.
The demonic crawler misses you. You block the demonic crawler's attack.
You hit the demonic crawler but do no damage.
The demonic crawler is moderately wounded.
The demonic crawler closely misses you. You block the demonic crawler's attack.
The demonic crawler hits you!
You die...

....^.......≈#...##
...........##....≈##
..........##.....#.##
.........##.........#
......^..#.....^...##
....................##
...................#≈#
<..................≈.#
................@....#
................s...≈#
.....................#
.....................###
.....................#^#
...................[...#
.....................^##
....^.........>.......≈#
.....................≈##


You could see a demonic crawler.

Vanquished Creatures
  Bai Suzhen (Swamp:3)
  Arachne (Spider:2)
  Jorgrun (Swamp:3)
  Rupert (D:13)
  A thorn hunter (Swamp:3)
  The ghost of McIvan the Thaumaturge, an adept GnWz of Ashenzari (Swamp:3)
  Frances (D:12)
  Gastronok (D:11)
  The ghost of Astolfo the Warrior, a journeyman MiBe of Trog (Swamp:1)
  Aizul (Swamp:1)
  A stone giant (Orc:2)
  An emperor scorpion (Spider:2)
  2 entropy weavers
  A minotaur (Gauntlet)
  The ghost of WinterSpartan the Brawler, a journeyman TrMo of Jiyva (Lair:1)
  Snorg (D:11)
  The ghost of Ceckukk the Geomancer, a journeyman GrEE of Sif Muna (Lair:1)
  The ghost of Keadol the Thaumaturge, a journeyman DrCj of Vehumet (Lair:1)
  Harold (D:10)
  25 hydras
  A catoblepas (Lair:6)
  2 vault guards (D:14)
  2 ghost crabs
  2 centaur warriors
  2 shambling mangroves
  15 alligators
  3 two-headed ogres
  19 death yaks
  A deep troll shaman (Lair:6)
  An orc high priest (Swamp:4)
  Urug (D:13)
  2 spriggans (Swamp:2)
  A wretched star (Gauntlet)
  The ghost of Zerchaz the Thaumaturge, a novice DEIE of Vehumet (Lair:1)
  4 skeletal warriors
  The ghost of Caczuus the Covert, a novice SpEE of Ashenzari (Lair:1)
  An unseen horror (D:14)
  8 swamp dragons
  A wizard (D:14)
  2 necromancers (D:14)
  8 orc knights
  A lindwurm (Lair:6)
  11 wolf spiders
  5 orb spiders
  3 orc sorcerers
  14 ugly things
  2 cyclopes
  3 manticores
  11 elephants (Lair:6)
  6 black mambas
  Psyche (D:12)
  A gargoyle (D:13)
  3 torpor snails
  11 spiny frogs
  A rime drake (Lair:3)
  9 freezing wraiths (IceCv)
  3 kobold demonologists (D:11)
  9 komodo dragons
  3 demonic crawlers
  A queen bee (D:9)
  4 trolls
  12 tyrant leeches
  7 hornets
  12 jumping spiders
  A wolf spider simulacrum (Gauntlet)
  2 polar bears
  18 blink frogs
  6 slime creatures
  10 hippogriffs
  14 bog bodies
  12 dream sheep
  48 redbacks
  8 tarantellas
  A tarantella (shapeshifter) (D:14)
  A centaur simulacrum (Gauntlet)
  2 wraiths (D:12)
  26 yaks
  6 wyverns
  2 shadows (Swamp:2)
  Sigmund (D:2)
  3 hungry ghosts
  Grum (D:8)
  20 humans (D:14)
  11 vampire mosquitoes
  4 basilisks
  7 wargs (Orc:2)
  19 swamp worms
  18 insubstantial wisps
  2 soldier ants
  An acid dragon (D:13)
  16 water moccasins
  10 porcupines
  14 swamp drakes
  2 phantoms
  Duvessa (D:6)
  2 eyes of draining
  18 ice beasts
  4 sky beasts
  2 black bears
  An alligator simulacrum (IceCv)
  A hornet zombie (D:14)
  48 orc warriors
  23 wolves
  13 ogres
  An ice dragon simulacrum (Gauntlet)
  17 centaurs
  14 crocodiles
  11 bullfrogs
  3 big kobolds
  Dowan (D:6)
  5 scorpions
  An elephant simulacrum (IceCv)
  18 killer bees
  17 wights
  4 howler monkeys
  5 electric eels
  2 bullfrog zombies
  3 centaur zombies
  6 crimson imps
  2 quasits
  13 jellies
  5 centaur skeletons
  15 orc priests
  15 hounds
  18 orc wizards
  3 bullfrog skeletons
  2 iguanas
  Ijyb (D:3)
  7 worker ants
  A small abomination (Gauntlet)
  2 wolf simulacra (IceCv)
  2 worker ant zombies
  3 gnolls (D:5)
  9 adders
  A howler monkey skeleton (D:4)
  4 shadow imps
  5 white imps (IceCv)
  2 oozes (Lair:6)
  2 adder skeletons
  A worm (D:5)
  A dart slug (D:1)
  2 leopard geckos
  96 orcs
  9 giant cockroaches
  9 goblins
  9 hobgoblins
  24 jackals
  2 quokkas
  A bat (D:1)
  9 frilled lizards
  18 kobolds
  A leopard gecko skeleton (D:4)
  A leopard gecko zombie (D:6)
  10 rats
  8 fungi
  6 plants
1082 creatures vanquished.

Vanquished Creatures (others)
  2 worker ants
  2 orcs (Orc:2)
  12 demonic plants (Gauntlet)
  8 fungi
  3 plants
  2 withered plants (Swamp:1)
29 creatures vanquished.

Grand Total: 1111 creatures vanquished

Notes
Turn   | Place    | Note
-------+----------+-------------------------------------------
     0 | D:1      | Llamajah the Ogre Berserker began the quest for the Orb.
     0 | D:1      | Reached XP level 1. HP: 24/24 MP: 1/1
     3 | D:1      | You fall through a shaft!
   244 | D:1      | Reached XP level 2. HP: 32/32 MP: 2/2
   685 | D:1      | Reached XP level 3. HP: 39/40 MP: 3/3
   700 | D:1      | Reached ** piety under Trog
  1085 | D:2      | Noticed Sigmund
  1098 | D:2      | Killed Sigmund
  1098 | D:2      | Reached skill level 5 in Fighting
  1098 | D:2      | Reached skill level 1 in Throwing
  1098 | D:2      | Reached skill level 1 in Armour
  1098 | D:2      | Reached XP level 4. HP: 19/52 MP: 4/4
  1098 | D:2      | Reached XP level 5. HP: 22/59 MP: 5/5
  1352 | D:2      | Noticed a sky beast
  1370 | D:2      | Killed a sky beast
  1370 | D:2      | Reached skill level 6 in Fighting
  1370 | D:2      | Reached XP level 6. HP: 62/67 MP: 6/6
  2382 | D:3      | Noticed Ijyb
  2397 | D:3      | Killed Ijyb
  2423 | D:3      | Found a blossoming altar of Fedhas.
  2907 | D:4      | Reached *** piety under Trog
  3069 | D:4      | Reached XP level 7. HP: 76/76 MP: 7/7
  3083 | D:4      | Reached skill level 7 in Fighting
  3103 | D:4      | Found a staircase to the Ecumenical Temple.
  4418 | D:5      | Entered Level 5 of the Dungeon
  4449 | D:5      | Found an opulent altar of Gozag.
  4455 | D:5      | Found a burning altar of Makhleb.
  4455 | D:5      | Found a basalt altar of Yredelemnul.
  4462 | D:5      | Found Terr's Book Boutique.
  4523 | D:5      | Reached XP level 8. HP: 88/88 MP: 8/8
  4640 | D:5      | Noticed a hippogriff
  4657 | D:5      | Killed a hippogriff
  4657 | D:5      | Reached skill level 8 in Fighting
  5319 | D:5      | Found a snail-covered altar of Cheibriados.
  5446 | D:5      | Reached skill level 5 in Axes
  5723 | D:6      | Found Zin's Purification Station.
  5744 | D:6      | Found a glowing silver altar of Zin.
  5758 | D:6      | Reached skill level 9 in Fighting
  5761 | D:6      | Bought a potion of curing for 90 gold pieces
  6195 | D:6      | You fall through a shaft for 2 floors!
  6195 | D:8      | Found a hide-covered altar of Uskayaw.
  6302 | D:8      | Found a bloodstained altar of Trog.
  6359 | D:8      | Noticed a two-headed ogre
  6377 | D:8      | Reached skill level 5 in Dodging
  6377 | D:8      | Reached XP level 9. HP: 75/100 MP: 9/9
  6387 | D:8      | Noticed Grum
  6394 | D:8      | Killed Grum
  6818 | D:7      | Reached skill level 10 in Fighting
  6887 | D:7      | Reached **** piety under Trog
  6887 | D:7      | Received a gift from Trog
  7185 | D:7      | Found a stormy altar of Qazlal.
  8470 | D:6      | Noticed Duvessa
  8471 | D:6      | Noticed Dowan
  8476 | D:6      | Killed Duvessa
  8476 | D:6      | Reached skill level 5 in Throwing
  8496 | D:6      | Killed Dowan
  9100 | D:8      | Reached skill level 11 in Fighting
  9100 | D:8      | Reached XP level 10. HP: 113/113 MP: 10/10
  9131 | D:8      | Found a shattered altar of Ashenzari.
  9178 | D:8      | Received a gift from Trog
  9343 | D:8      | Killed a two-headed ogre
  9343 | D:8      | Reached skill level 1 in Shields
  9704 | D:9      | Noticed a two-headed ogre
  9712 | D:9      | Killed a two-headed ogre
  9855 | D:9      | Reached skill level 5 in Armour
 10146 | D:9      | Received a gift from Trog
 10146 | D:9      | Reached skill level 12 in Fighting
 11289 | D:9      | Reached XP level 11. HP: 124/124 MP: 11/11
 11507 | D:9      | Found a glowing golden altar of the Shining One.
 11761 | D:9      | Received a gift from Trog
 12164 | D:9      | Found a staircase to the Lair.
 12375 | D:10     | Entered Level 10 of the Dungeon
 13056 | D:10     | Paralysed by a hornet for 3 turns
 13257 | D:10     | Noticed Harold
 13279 | D:10     | Killed Harold
 13279 | D:10     | Reached skill level 13 in Fighting
 13868 | D:11     | Noticed Snorg
 13881 | D:11     | Killed Snorg
 14099 | D:11     | Noticed Gastronok
 14144 | D:11     | Killed Gastronok
 14223 | D:11     | Noticed a sixfirhy
 14416 | D:11     | Reached XP level 12. HP: 125/137 MP: 12/12
 14822 | D:11     | Reached ***** piety under Trog
 15045 | D:12     | Noticed Frances
 15061 | D:12     | Killed Frances
 15061 | D:12     | Reached skill level 14 in Fighting
 15185 | D:11     | Found an opulent altar of Gozag.
 15468 | D:11     | Found a staircase to the Orcish Mines.
 15646 | D:12     | Received a gift from Trog
 15847 | D:12     | Noticed Psyche
 15865 | D:12     | Killed Psyche
 16280 | D:12     | Reached skill level 5 in Shields
 16723 | D:12     | Noticed a two-headed ogre
 16731 | D:12     | Killed a two-headed ogre
 16852 | D:12     | Received a gift from Trog
 16966 | D:13     | Found a shimmering altar of Xom.
 17042 | D:13     | Found a portal to a secret trove of treasure.
 17153 | D:13     | Reached skill level 15 in Fighting
 17185 | D:13     | Noticed Urug
 17206 | D:13     | Killed Urug
 17291 | D:13     | Found Obloept's Antique Armour Emporium.
 17299 | D:13     | Bought a large shield for 81 gold pieces
 17332 | D:13     | Noticed Rupert
 17337 | D:13     | Paralysed by Rupert for 2 turns
 17362 | D:13     | Killed Rupert
 17362 | D:13     | Reached XP level 13. HP: 103/150 MP: 13/13
 17656 | D:13     | Found a white marble altar of Elyvilon.
 17809 | D:13     | Received a gift from Trog
 18777 | D:14     | Received a gift from Trog
 19289 | D:14     | Reached skill level 16 in Fighting
 19993 | D:14     | Found a white marble altar of Elyvilon.
 20276 | D:14     | Found a gate to the Vaults.
 20276 | D:14     | Noticed a vault guard
 20276 | D:14     | Noticed a vault guard
 20281 | D:14     | Killed a vault guard
 20291 | D:14     | Reached XP level 14. HP: 163/163 MP: 4/14
 20303 | D:14     | Reached skill level 10 in Axes
 20322 | D:14     | Got a ripped robe
 20333 | D:14     | Identified the cursed +1 robe of Dymoexibah {rElec Str+2}
                  | (You found it on level 14 of the Dungeon)
 20602 | D:15     | Entered Level 15 of the Dungeon
 20667 | D:15     | Found a frozen archway.
 20725 | D:15     | Received a gift from Trog
 20892 | IceCv    | Entered an ice cave
 21965 | IceCv    | Found an ancient bone altar of Kikubaaqudgha.
 22790 | D:15     | Reached skill level 17 in Fighting
 22797 | D:15     | Found a staircase to the Depths.
 23098 | Lair:1   | Entered Level 1 of the Lair of Beasts
 23146 | Lair:1   | Found a runed translucent gate.
 23147 | Lair:1   | Found a runed translucent gate.
 23148 | Lair:1   | Found a runed translucent gate.
 23149 | Lair:1   | Noticed Caczuus's ghost (novice SpEE)
 23149 | Lair:1   | Noticed Keadol's ghost (journeyman DrCj)
 23149 | Lair:1   | Noticed Ceckukk's ghost (journeyman GrEE)
 23149 | Lair:1   | Noticed WinterSpartan's ghost (journeyman TrMo)
 23151 | Lair:1   | Noticed Zerchaz's ghost (novice DEIE)
 24402 | Lair:2   | Received a gift from Trog
 24654 | Lair:2   | Found a staircase to the Swamp.
 24934 | Lair:2   | Reached skill level 10 in Throwing
 25184 | Lair:3   | Found a gate leading to a gauntlet.
 25189 | Gauntlet | Entered a Gauntlet
 25189 | Gauntlet | Found a transporter.
 25189 | Gauntlet | Found a transporter.
 25250 | Gauntlet | Found a transporter.
 25250 | Gauntlet | Found a transporter.
 25262 | Gauntlet | Found a transporter.
 25294 | Gauntlet | Found a transporter.
 25298 | Gauntlet | Found a transporter.
 25299 | Gauntlet | Found a transporter.
 25311 | Gauntlet | Found a transporter.
 25345 | Gauntlet | Found a transporter.
 25402 | Gauntlet | Found a transporter.
 25411 | Gauntlet | Found a transporter.
 25427 | Gauntlet | Found a transporter.
 25512 | Gauntlet | Identified the ring "Xojup" {rElec rN+ Str+3 Dex+2}
 25515 | Gauntlet | Found a transporter.
 25525 | Gauntlet | Found a transporter.
 25540 | Gauntlet | Found a transporter.
 25753 | Gauntlet | Received a gift from Trog
 26433 | Gauntlet | Identified the Volume of Lucky Creation
 26435 | Gauntlet | Got a slimy long sword
 26437 | Gauntlet | Identified the +9 long sword "Feoter" {flame, *Drain rF++
                  | rN+} (You found it in a Gauntlet)
 27448 | Lair:3   | Found a hole to the Spider Nest.
 27915 | Lair:3   | Reached XP level 15. HP: 175/175 MP: 10/15
 28099 | Lair:4   | Received a gift from Trog
 28324 | Lair:4   | Reached skill level 10 in Dodging
 28370 | Lair:4   | You fall through a shaft for 2 floors!
 28370 | Lair:6   | Entered Level 6 of the Lair of Beasts
 28373 | Lair:6   | Reached skill level 18 in Fighting
 29095 | Lair:6   | Found a staircase to the Slime Pits.
 29108 | Lair:6   | Got a brightly glowing robe
 29119 | Lair:6   | Identified the +0 robe "Rilouf" {rF++ rN+} (You found it on
                  | level 6 of the Lair of Beasts)
 30553 | Lair:5   | Received a gift from Trog
 30611 | Lair:5   | Reached XP level 16. HP: 188/188 MP: 16/16
 30615 | Lair:5   | Reached skill level 19 in Fighting
 30734 | Lair:5   | Received a gift from Trog
 31656 | Lair:1   | Killed Keadol's ghost
 31659 | Lair:1   | Killed Zerchaz's ghost
 31661 | Lair:1   | Killed WinterSpartan's ghost
 31665 | Lair:1   | Killed Caczuus's ghost
 31666 | Lair:1   | HP: 4/283 [Ceckukk's ghost/stone arrow (29)]
 31671 | Lair:1   | Killed Ceckukk's ghost
 32292 | Orc:1    | Entered Level 1 of the Orcish Mines
 32305 | Orc:1    | Received a gift from Trog
 32599 | Orc:2    | Entered Level 2 of the Orcish Mines
 33464 | Orc:2    | Paralysed by an orc sorcerer for 5 turns
 33478 | Orc:2    | Received a gift from Trog
 33545 | Orc:2    | Found a roughly hewn altar of Beogh.
 33583 | Orc:2    | Received a gift from Trog
 33591 | Orc:2    | Found Xihazeog's Armour Emporium.
 33591 | Orc:2    | Found Qabboir's Assorted Antiques.
 33666 | Orc:2    | Bought a dazzling cloak for 190 gold pieces
 33666 | Orc:2    | Bought an encrusted wooden ring for 100 gold pieces
 33666 | Orc:2    | Bought a scroll of teleportation for 60 gold pieces
 33666 | Orc:2    | Bought a scroll of enchant weapon for 150 gold pieces
 33666 | Orc:2    | Bought a potion of heal wounds for 100 gold pieces
 33712 | Orc:2    | Found a staircase to the Elven Halls.
 33829 | Orc:2    | Found Juotiec's Gadget Emporium.
 33829 | Orc:2    | Found Ykuzoik's Antique Armour Shop.
 33862 | Orc:2    | Bought a wand of paralysis (10) for 168 gold pieces
 33862 | Orc:2    | Bought a wand of acid (3) for 196 gold pieces
 33862 | Orc:2    | Bought a wand of disintegration (13) for 238 gold pieces
 34046 | Orc:2    | Identified the -6 cloak of Eternal Night {rElec} (You
                  | bought it in a shop on level 2 of the Orcish Mines)
 34303 | Swamp:1  | Entered Level 1 of the Swamp
 34356 | Swamp:1  | Received a gift from Trog
 35233 | Swamp:1  | Noticed Aizul
 35244 | Swamp:1  | Killed Aizul
 35251 | Swamp:1  | Found a runed translucent door.
 35251 | Swamp:1  | Noticed Astolfo's ghost (journeyman MiBe)
 35642 | Swamp:1  | Killed Astolfo's ghost
 36225 | Swamp:2  | Reached skill level 10 in Armour
 36242 | Swamp:1  | Reached skill level 20 in Fighting
 36602 | Swamp:2  | Reached XP level 17. HP: 168/201 MP: 17/17
 36984 | Swamp:3  | Noticed Jorgrun
 36993 | Swamp:3  | Received a gift from Trog
 37329 | Swamp:3  | Killed Jorgrun
 37709 | Swamp:3  | Found a runed translucent door.
 37714 | Swamp:3  | Noticed McIvan's ghost (adept GnWz)
 37736 | Swamp:3  | Killed McIvan's ghost
 38123 | Swamp:4  | Entered Level 4 of the Swamp
 38492 | Swamp:3  | Reached skill level 10 in Shields
 39332 | Swamp:4  | Noticed Bai Suzhen
 39743 | Swamp:3  | Killed Bai Suzhen
 40411 | Swamp:4  | Got a decaying rune of Zot
 40428 | Swamp:4  | Received a gift from Trog
 41365 | Spider:1 | Entered Level 1 of the Spider Nest
 41454 | Spider:1 | Reached skill level 21 in Fighting
 41535 | Spider:1 | Got a dazzling falchion
 41536 | Spider:1 | Identified the +11 falchion of the Wary Songs {elec, +Rage
                  | MR- Str+2 Dex+6} (You found it on level 1 of the Spider
                  | Nest)
 41760 | Spider:2 | Reached XP level 18. HP: 215/215 MP: 18/18
 42610 | Spider:2 | Reached skill level 1 in Long Blades
 42897 | Spider:2 | Noticed Arachne
 42930 | Spider:2 | Killed Arachne
 43609 | Spider:3 | Received a gift from Trog
 44303 | Spider:3 | Found a transporter.
 44345 | Spider:3 | Received a gift from Trog
 44468 | Spider:3 | HP: 15/322 [demonic crawler (3)]
 44473 | Spider:3 | HP: 10/215 [demonic crawler (1)]
 44474 | Spider:3 | HP: 3/215 [demonic crawler (8)]
 44476 | Spider:3 | Mangled by a demonic crawler

Skill      XL: |  1  2  3  4  5  6  7  8  9 10 11 12 13 14 15 16 17 18 |
---------------+-------------------------------------------------------+-----
Dodging        | 3 4 5 6 7 8 9 10 11 12 | 12.1
Fighting       | 5 6 7 9 11 12 13 15 16 17 18 20 21 | 21.3
Throwing       | 1 2 3 4 5 6 7 8 9 10 11 12 | 12.5
Armour         | 1 2 3 4 5 6 7 8 9 10 | 10.8
Axes           | 4 5 6 7 8 9 10 11 12 | 12.9
Shields        | 2 4 5 6 7 8 9 10 | 10.6
Long Blades    | 2 |  2.0
Maces & Flails | |  0.4

Action                   |  1- 3 |  4- 6 |  7- 9 | 10-12 | 13-15 | 16-18 || total
-------------------------+-------+-------+-------+-------+-------+-------++-------
Melee: Hand axe          |    84 |   171 |    55 |       |    58 |   123 ||   491
       War axe           |       |       |   337 |   731 |   110 |       ||  1178
       Scimitar          |       |       |       |     8 |       |       ||     8
       Broad axe         |       |       |       |       |   866 |   825 ||  1691
       Eveningstar       |       |       |       |       |       |    85 ||    85
       Falchion          |       |       |       |       |       |    26 ||    26
Throw: Large rock        |       |       |       |    11 |       |     6 ||    17
       Tomahawk          |       |       |       |    13 |     9 |       ||    22
       Stone             |       |       |       |     1 |       |       ||     1
Invok: Berserk           |     1 |     3 |     9 |    28 |    28 |    10 ||    79
Evoke: Wand              |       |       |     1 |       |       |       ||     1
  Use: Scroll            |       |     6 |     8 |    11 |    16 |    11 ||    52
       Potion            |       |       |     3 |     8 |     4 |     9 ||    24
 Stab: Petrified         |       |       |       |       |     2 |       ||     2
  Eat: Chunk             |       |    22 |    26 |    69 |    41 |    18 ||   176
       Ration            |       |       |       |       |     6 |    11 ||    17
Armor: Animal skin       |    15 |       |       |       |       |       ||    15
       Robe              |       |    58 |   145 |   116 |       |       ||   319
       Troll leather arm |       |       |       |   141 |       |       ||   141
       Acid dragon scale |       |       |       |       |   348 |   139 ||   487
       Swamp dragon scal |       |       |       |       |       |   109 ||   109
Dodge: Dodged            |    40 |   106 |   279 |   373 |   335 |   450 ||  1583
Block: Shield            |       |       |       |   415 |   246 |       ||   661
       Large shield      |       |       |       |    14 |   655 |  1345 ||  2014
       Reflection        |       |       |       |       |       |    43 ||    43
       Rpst.: Falchion   |       |       |       |       |       |     6 ||     6
